 Dungeon Crawl Stone Soup version 0.27.0-1-g7a089689b8 (webtiles) character file.

Game seed: 969817656922833260

1202 oldmanjim the Bolt Thrower (level 8, -7/60 HPs)
             Began as a Human Arcane Marksman on July 31, 2021.
             Was a Follower of Okawaru.
             Killed by divine providence
             ... invoked by an orc priest
              (15 damage)
             ... on level 6 of the Dungeon.
             The game lasted 00:40:13 (6353 turns).

oldmanjim the Bolt Thrower (Human Arcane Marksman)  Turns: 6353, Time: 00:40:15

Health: -7/60      AC: 11    Str: 12    XL:     8   Next: 73%
Magic:  20/20      EV:  9    Int: 14    God:    Okawaru [*.....]
Gold:   266        SH:  7    Dex: 14    Spells: 9/9 levels left

rFire    + . .     SeeInvis .   b - +3 short sword
rCold    . . .     Faith    .   i - +2 buckler
rNeg     . . .     Spirit   .   w - +1 scale mail {rF+}
rPois    .         Reflect  .   (no helmet)
rElec    .         Harm     .   E - +0 cloak
rCorr    .         Rampage  .   f - +1 pair of gloves
Will     .....                  F - +0 pair of boots
Stlth    ..........             (no amulet)
HPRegen  0.20/turn              j - ring of magical power
MPRegen  0.17/turn              (no ring)

@: attractive
A: no striking features
a: Renounce Religion, Heroism


You were on level 6 of the Dungeon.
You worshipped Okawaru.
Okawaru was aware of your devotion.
You visited 2 branches of the dungeon, and saw 7 of its levels.

You collected 287 gold pieces.
You donated 21 gold pieces to Zin.

Inventory:

Hand Weapons
 a - a +0 hand crossbow
 b - a +3 short sword (weapon)
 d - a +0 dagger
 q - a +2 mace of protection
Missiles
 c - 15 bolts
 e - 116 arrows
 l - 20 poisoned darts (quivered)
Armour
 f - a +1 pair of gloves (worn)
 i - a +2 buckler (worn)
 u - a +0 ring mail
 w - a +1 scale mail of fire resistance (worn)
 E - a +0 cloak (worn)
 F - a +0 pair of boots (worn)
Magical Staves
 v - a staff of poison
Jewellery
 j - a ring of magical power (left hand)
Wands
 y - a wand of flame (30)
 D - a wand of iceblast (4)
Scrolls
 g - 5 scrolls of amnesia
 k - a scroll of enchant weapon {unknown}
 n - a scroll of vulnerability {unknown}
 o - 2 scrolls of magic mapping
 p - a scroll of fear {unknown}
 r - 3 scrolls of blinking
 t - a scroll of summoning {unknown}
 x - a scroll of brand weapon {unknown}
 z - 2 scrolls of immolation
 A - a scroll of holy word {unknown}
 B - a scroll of noise {unknown}
Potions
 h - 2 potions of flight
 m - a potion of haste
 C - a potion of brilliance


   Skills:
 - Level 4.0 Fighting
 + Level 6.0 Crossbows
 + Level 3.2 Dodging
 - Level 4.0 Shields
 - Level 1.0 Spellcasting
 - Level 3.0 Hexes
 - Level 5.0 Invocations


You had 9 spell levels left.
You didn't know any spells.
Your spell library contained the following spells:

 Spells                   Type           Power      Damage    Failure   Level
 Corona                   Hex            10%        N/A       38%         1
 Slow                     Hex            9%         N/A       54%         2
 Static Discharge         Conj/Air       0%         N/A       91%         2
 Inner Flame              Hex/Fire       4%         N/A       93%         3
 Portal Projectile        Hex/Tloc       8%         N/A       93%         3
 Cause Fear               Hex            4%         N/A       99%         4
 Dispel Undead            Necr           0%         3d6       100%        4
 Sticky Flame             Conj/Fire      0%         2d3       100%        4


Dungeon Overview and Level Annotations

Branches:
Dungeon (6/15)             Temple (1/1) D:5

Altars:
Ashenzari
Cheibriados
Dithmenos
Elyvilon
Gozag
Kikubaaqudgha
Makhleb
Nemelex Xobeh
Okawaru
Sif Muna
Trog
Uskayaw
Wu Jian
Xom
Yredelemnul
Zin
The Shining One

Annotations:
D:6 2 transporters, GoodDemon3's ghost, weakling FoDe


Message History

The puff of flame hits you. You resist.
* * * LOW HITPOINT WARNING * * *
You bump into the rock wall.
The orc wizard hits you but does no damage.
You are too confused!
You're too confused to move!
You feel less confused. You block the orc wizard's attack.
The orc wizard casts a spell at you. The puff of flame hits you. You resist.
* * * LOW HITPOINT WARNING * * *
The orc wizard points at you and mumbles some strange words.
You are confused.
You're too confused to move!
The orc wizard gestures wildly while chanting.
The orc wizard flickers and vanishes!
Deactivating autopickup; reactivate with Ctrl-A.
It was a potion of attraction.
You feel attractive to monsters.
A puff of flame appears from out of thin air!
The puff of flame hits you but does no damage.
Something is pulled toward you!
You are too confused!
You hit something but do no damage. Something hits you.
* * * LOW HITPOINT WARNING * * *
The orc priest is pulled toward you!
You hit something. Something hits you.
* * * LOW HITPOINT WARNING * * *
You feel less confused.
You hear some strange, mumbled words.
A puff of flame appears from out of thin air!
The puff of flame misses you. Something is pulled toward you!
The orc priest is pulled toward you!
You hear some strange, mumbled words.
A puff of flame appears from out of thin air!
The puff of flame hits you. You resist.
* * * LOW HITPOINT WARNING * * *
The orc priest calls down the wrath of Beogh upon you.
Beogh smites you!
You die...

#.###########.# #.#
#.# ########.# #.#
#........# #.# #.
#.######### #)# #.
#.# ##..o## #)# #.
#.# ##.###{## #.# #.
#.###.## ##.## #.#
#. #.##o##
##@#######.## ##.
#.##.#
#..........#####..
#(##.##
##............†....
#.###.##
##.>###.##....####..
#.# #..###.#.# #
###.#.#####. #.#
#.#...##.#
#.#.......
#.###.##.###.#
.............
#.##...#..##.#
####.#..###.#
#.##...##.##.#
#.#..# #..


You could see an orc priest.

Vanquished Creatures
  A wyvern (D:5)
  A sky beast (D:5)
  An ogre (D:5)
  A phantom (D:6)
  5 scorpions
  2 water moccasin skeletons
  2 bullfrog zombies (D:5)
  A bullfrog skeleton (D:5)
  An orc priest (D:4)
  2 hounds (D:6)
  2 orc wizards
  A hound skeleton (D:5)
  6 adders
  3 ufetubi
  A worm (D:2)
  3 dart slugs
  14 orcs
  6 endoplasms
  3 goblins
  4 hobgoblins
  7 jackals
  7 kobolds
  3 quokkas
  9 ball pythons
  3 bats
  3 frilled lizards (D:1)
  5 rats
97 creatures vanquished.

Notes
Turn   | Place    | Note
-------+----------+-------------------------------------------
     0 | D:1      | oldmanjim the Human Arcane Marksman began the quest for the
                  | Orb.
     0 | D:1      | Reached XP level 1. HP: 15/15 MP: 2/2
    31 | D:1      | Found a faded altar of an unknown god.
    40 | D:1      | Became a worshipper of Zin the Law-Giver
    40 | D:1      | Reached * piety under Zin
   150 | D:1      | Reached XP level 2. HP: 20/21 MP: 3/3
   930 | D:2      | Reached XP level 3. HP: 26/26 MP: 4/4
   945 | D:2      | Reached ** piety under Zin
  1329 | D:2      | Found an ancient bone altar of Kikubaaqudgha.
  1433 | D:2      | Reached XP level 4. HP: 29/33 MP: 5/5
  1656 | D:2      | Reached skill level 1 in Shields
  1766 | D:3      | Noticed a scorpion
  1776 | D:3      | Killed a scorpion
  1777 | D:3      | Reached skill level 1 in Invocations
  1777 | D:3      | Reached XP level 5. HP: 30/40 MP: 6/6
  1951 | D:3      | Reached skill level 3 in Crossbows
  2592 | D:4      | Reached XP level 6. HP: 46/47 MP: 7/7
  2727 | D:4      | Reached *** piety under Zin
  3385 | D:4      | Found a basalt altar of Yredelemnul.
  3714 | D:5      | Entered Level 5 of the Dungeon
  3739 | D:5      | Reached XP level 7. HP: 25/54 MP: 9/9
  3928 | D:5      | Found a staircase to the Ecumenical Temple.
  3939 | Temple   | Entered the Ecumenical Temple
  4058 | Temple   | Fell from the grace of Zin
  4058 | Temple   | Became a worshipper of Warmaster Okawaru
  4148 | D:5      | Reached skill level 4 in Crossbows
  4660 | D:5      | Identified the +1 quarterstaff "Nemun" {freeze, rPois
                  | Will+}
  4738 | D:5      | Reached * piety under Okawaru
  4739 | D:5      | Reached XP level 8. HP: 55/60 MP: 11/11
  5246 | D:5      | Reached skill level 5 in Crossbows
  5515 | D:6      | Noticed a wyvern
  5547 | D:5      | Killed a wyvern
  5548 | D:5      | Reached skill level 5 in Invocations
  5911 | D:6      | Noticed a wraith
  5914 | D:6      | Found a transporter.
  5919 | D:6      | Noticed GoodDemon3's ghost (weakling FoDe)
  5949 | D:6      | Found a transporter.
  6156 | D:6      | Reached skill level 6 in Crossbows
  6353 | D:6      | Killed from afar by an orc priest

Illustrated notes

Levels and vault maps discovered:
D:1:      sevenhm_arrival_forest_fort_small_6, layout_loops_ring,
          basic_ecumenical_altar, grunt_decor_resistance, nrook_mini_vaults,
          minivault_26
D:2:      layout_basic, basic_altar, grunt_ministairs_13
D:3:      layout_rooms, minmay_close_crescents
D:4:      layout_basic, lemuel_coloured_pillars_altar
D:5:      kennysheep_six_static_rooms, layout_basic,
          minmay_temple_entry_glassed_door
D:6:      layout_loops_ring, gammafunk_ghost_mausoleum
Temple:   kb_temple_of_zot

Skill      XL: |  1  2  3  4  5  6  7  8 |
---------------+-------------------------+-----
Fighting       | 2 3 4 |  4.0
Shields        | 1 2 3 4 |  4.0
Invocations    | 1 2 4 5 |  5.0
Crossbows      | 3 4 6 |  6.0
Dodging        | 3 |  3.2
Spellcasting   | |  1.0
Hexes          | |  3.0

Action                   |  1- 3 |  4- 6 |  7- 9 || total
-------------------------+-------+-------+-------++-------
Melee: Club              |    18 |       |       ||    18
       Dagger            |     8 |       |       ||     8
       Mace              |    49 |     5 |       ||    54
       Hand crossbow     |     1 |       |       ||     1
       Short sword       |       |   118 |   189 ||   307
 Fire: Hand crossbow     |    24 |       |     5 ||    29
Throw: Dart              |     3 |    35 |     6 ||    44
Invok: Vitalisation      |       |     1 |       ||     1
       Heroism           |       |       |     2 ||     2
Evoke: Wand              |       |       |     2 ||     2
  Use: Scroll            |       |     1 |     7 ||     8
       Potion            |       |       |     1 ||     1
Armor: Robe              |    17 |       |       ||    17
       Leather armour    |    22 |     6 |       ||    28
       Scale mail        |       |    21 |    82 ||   103
Dodge: Dodged            |    66 |    56 |    62 ||   184
Block: Buckler           |    15 |    30 |    71 ||   116
